AoeStats
← ING.PATRICK

Arabia

503689606Analyzed
1v1 RM · 1mo ago on Sep 1, 2026· 26m 0s· 2 players
Game mode
Random Map
Map size
Tiny (2 player)
Population
200
Speed
Normal
Resources
Standard
Victory
Conquest
Starting age
Dark Age
Ending age
Imperial Age
RankedLock teamsTeams togetherTeam positionsShared explorationLock speedFull tech treeHidden civsTurbo modeCheats
Victory
Defeat
🇵🇪 Poles · Peru
1036
+22
🇨🇦 Bohemians · Canada
1011
-15
Moulinsart
6:10 Loom
9:20 Feudal Age
23:52 Castle Age
ING.PATRICK
9:15 Feudal Age
10:00 Double-Bit Axe
10:03 Horse Collar
11:01 Loom
18:39 Forging
23:40 Castle Age
21:42 Fletching
23:09 Scale Barding Armor
23:44 Bloodlines
23:43 Light Cavalry
24:48 Husbandry
26:18 Chain Barding Armor
Connection lost

Rejoining the realm…

Still unreachable

The connection could not be restored.

Session expired

The server has moved on; the page needs a fresh start.